 Dungeon Crawl Stone Soup version 0.27-a0-34-gc18c9092ac (webtiles) character file.

Game seed: 2794307484491609423

20 Alarkh the Grasshopper (level 2, 0/23 HPs)
             Began as a Demonspawn Warper on Jan 4, 2021.
             Slain by a hobgoblin
             ... wielding a +0 club
              (4 damage)
             ... on level 1 of the Dungeon.
             The game lasted 00:00:42 (475 turns).

Alarkh the Grasshopper (Demonspawn Warper)           Turns: 475, Time: 00:00:43

Health: 0/23       AC:  6    Str: 11    XL:     2   Next: 58%
Magic:  5/5        EV: 11    Int: 14    God:
Gold:   20         SH:  0    Dex: 12    Spells: 5/5 levels left

rFire    . . .     SeeInvis .     - Unarmed
rCold    . . .     Faith    .   (no shield)
rNeg     . . .     Spirit   .   a - +0 leather armour
rPois    .         Reflect  .   e - +2 helmet
rElec    .         Harm     .   (no cloak)
rCorr    .         Rampage  .   (no gloves)
Will     .....                  (no boots)
Stlth    +.........             (no amulet)
HPRegen  0.07/turn              (no ring)
MPRegen  0.09/turn              (no ring)

@: no status effects
A: powered by pain 1
a: no special abilities


You were on level 1 of the Dungeon.
You visited 1 branch of the dungeon, and saw 1 of its levels.

You collected 20 gold pieces.

Inventory:

Missiles
 d - 5 boomerangs of dispersal (quivered)
Armour
 a - a +0 leather armour (worn)
 e - a +2 helmet (worn)
Jewellery
 f - a cursed -4 ring of evasion {unknown}
Scrolls
 b - 2 scrolls of teleportation {unknown}
 c - a scroll of blinking
Potions
 g - a potion of degeneration {unknown}


   Skills:
 + Level 2.4 Fighting
 - Level 0.8 Throwing
 - Level 0.8 Armour
 - Level 1.7 Dodging
 * Level 2.6 Unarmed Combat
 - Level 2.0 Spellcasting
 - Level 2.6 Translocations


You had 5 spell levels left.
You didn't know any spells.
Your spell library contained the following spells:

 Spells                   Type           Power        Failure   Level
 Blink                    Tloc           N/A          16%         2
 Gell's Gravitas          Tloc           4%           30%         3
 Lesser Beckoning         Tloc           4%           30%         3
 Teleport Other           Tloc           8%           30%         3
 Passage of Golubria      Tloc           N/A          71%         4


Dungeon Overview and Level Annotations

Branches:
Dungeon (1/15)

Altars:
Ashenzari


Innate Abilities, Weirdness & Mutations

You sometimes gain a little power by taking damage.


Message History

The hobgoblin shouts!
You hit the bat but do no damage. The bat hits you.
* * * LOW HITPOINT WARNING * * *
The bat hits you.
* * * LOW HITPOINT WARNING * * *
You see here a +0 hand axe.
You hit the bat.
You kill the bat!
You start resting.
A hobgoblin is nearby!
You closely miss the hobgoblin. The hobgoblin misses you.
You closely miss the hobgoblin. The hobgoblin barely misses you.
You hit the hobgoblin but do no damage. The hobgoblin hits you with a +0 club.
* * * LOW HITPOINT WARNING * * *
You hit the hobgoblin but do no damage. You hit the hobgoblin but do no damage.
The hobgoblin closely misses you.
You hit the hobgoblin.
The hobgoblin is heavily wounded.
The hobgoblin hits you with a +0 club.
You die...

..... #..# ###..#
#.$..####..###.##..#
#......†...##...#..##
.....†#+##..........
#....#...#......##.#
.....#...#....>###g#
..####.....##.## #)# .
##+##.⌠#..###.#
.....#...@#.#
......###.(.g.#
..........#..##
.._...'...#..#
......#...#..# # #
.......##..#..# . #.
.....#.....##
..#⌠.##+##.⌠#......#
#.###....###....##.....


You could see a hobgoblin.

Vanquished Creatures
  3 goblins (D:1)
  4 hobgoblins (D:1)
  4 jackals (D:1)
  3 bats (D:1)
  A frilled lizard (D:1)
  2 kobolds (D:1)
  A rat (D:1)
18 creatures vanquished.

Notes
Turn   | Place    | Note
-------+----------+-------------------------------------------
     0 | D:1      | Alarkh the Demonspawn Warper began the quest for the Orb.
     0 | D:1      | Reached XP level 1. HP: 16/16 MP: 3/3
   220 | D:1      | Gained mutation: You sometimes gain a little power by
                  | taking damage. [demonic ancestry]
   220 | D:1      | Reached XP level 2. HP: 8/22 MP: 5/5
   386 | D:1      | Found a broken altar of Ashenzari.
   475 | D:1      | Slain by a hobgoblin

Illustrated notes

Levels and vault maps discovered:
D:1:      eino_arrival_druids_welcome, layout_loops_ring, st_stairs_2,
          minmay_misc_feat_iff, evilmike_ruin_ashenzari

Skill      XL: |  1 |
---------------+----+-----
Unarmed Combat | 2 |  2.6
Fighting       | |  2.4
Throwing       | |  0.8
Armour         | |  0.8
Dodging        | |  1.7
Spellcasting   | |  2.0
Translocations | |  2.6

Action                   || total
-------------------------++-------
Melee: Unarmed           ||    89
       Punch             ||     2
Armor: Leather armour    ||    39
Dodge: Dodged            ||    57

Table legend: (Time is in decaauts)
 A = Elapsed time spent in this place.
 B = Non-inter-level travel time spent in this place.
 C = Inter-level travel time spent in this place.
 D = Time resting spent in this place.
 E = Time spent auto-exploring this place.
 F = Levels seen in this place.
 G = Mean time per level.
                   A        B        C        D        E       F      G
               +--------+--------+--------+--------+--------+-----+--------+
         Total |    471 |    411 |     60 |    151 |    122 |   1 |  471.0 |
       Dungeon |    471 |    411 |     60 |    151 |    122 |   1 |  471.0 |
               +--------+--------+--------+--------+--------+-----+--------+

Top non-repeatable levels by time:
     D:1: 471 daAuts
